 Dungeon Crawl Stone Soup version 0.31-a0-691-g409c26aa35 (webtiles) character file.

Game seed: 10618658748575021224

86 qw the Shooter (level 4, -10/28 HPs)
             Began as a Gargoyle Hunter on Sept 6, 2023.
             Mangled by an ogre
             ... wielding a +0 giant club
              (13 damage)
             ... on level 4 of the Dungeon.
             The game lasted 00:00:48 (2338 turns).

qw the Shooter (Gargoyle Hunter)                    Turns: 2338, Time: 00:00:49

Health: -10/28     AC:  8    Str: 15    XL:     4   Next: 50%
Magic:  4/4        EV: 11    Int:  9    God:
Gold:   56         SH:  0    Dex: 21    Spells: 3/3 levels left

rFire   . . .        Y - +0 shortbow
rCold   . . .        (shield currently unavailable)
rNeg    + . .        g - +0 ring mail
rPois   inf          (no helmet)
rElec   +            (no cloak)
rCorr   .            (no gloves)
SInv    .            (no boots)
Will    .....        (no amulet)
Stlth   +            i - +6 ring of dexterity
HPRegen 0.24/turn    (no ring)
MPRegen 0.09/turn

%: no passive effects
@: no status effects
A: sickness immunity, AC +3, negative energy resistance 1, electricity
resistance, torment resistance 1, petrification resistance
a: no special abilities


You were on level 4 of the Dungeon.
You visited 1 branch of the dungeon, and saw 4 of its levels.

You collected 128 gold pieces.
You spent 72 gold pieces at shops.


Innate Abilities, Weirdness & Mutations

You are immune to sickness and miasma.
Your stone body is resilient. (AC +3)
You are immune to poison.
You resist negative energy. (rN+)
You are resistant to electric shocks. (rElec)
You are resistant to unholy torment.
You are immune to petrification.


   Skills:
 - Level 3.1 Fighting
 + Level 5.2 Ranged Weapons
 - Level 1.0 Armour
 - Level 1.5 Dodging
 - Level 1.1 Stealth


You had 3 spell levels left.
You didn't know any spells.
Your spell library was empty.

Inventory:

Hand Weapons
 Y - a +0 shortbow (weapon)
Armour
 d - a +0 ring mail of poison resistance
 g - a +0 ring mail (worn)
Jewellery
 i - a +6 ring of dexterity (left hand)
Scrolls
 b - a scroll of identify
Potions
 a - a potion of haste {unknown}
 c - a potion of lignification {unknown}
 e - 5 potions of curing
 f - a potion of resistance {unknown}
 h - a potion of degeneration {unknown}

Dungeon Overview and Level Annotations

Branches:
Dungeon (4/15)
 Temple: D:4-7

Altars:
Makhleb
Trog

Shops:
D:2 !

Annotations:
D:3 1 runed translucent door, Crazy Yiuf


Message History

d - a +0 ring mail of poison resistance A goblin comes into view.
It is wielding a +0 club.
Found 8 gold pieces and a scroll of identify.
The goblin shouts!
You hear a shout!
The goblin unwields a +0 club.
The goblin wields a +0 sling.
The goblin shoots a sling bullet.
The sling bullet closely misses you.
You shoot an arrow. The arrow closely misses the goblin.
An ogre comes into view. It is wielding a +0 giant club.
The goblin shoots a sling bullet.
The sling bullet hits you but does no damage.
You shoot an arrow. The arrow closely misses the goblin.
The goblin shoots a sling bullet.
The sling bullet barely misses you.
You shoot an arrow. The arrow closely misses the ogre.
You shoot an arrow. The arrow hits the ogre.
The ogre is lightly wounded.
You shoot an arrow. The arrow hits the ogre.
The ogre is lightly wounded.
The goblin shoots a sling bullet.
The sling bullet barely misses you.
You shoot an arrow. The arrow completely misses the ogre.
You shoot an arrow.
The arrow hits the ogre but does no damage.
The ogre is lightly wounded.
The ogre hits you with a +0 giant club.
You shoot an arrow. The arrow hits the ogre!
The ogre is moderately wounded.
The goblin shoots a sling bullet.
The sling bullet hits you but does no damage.
The ogre hits you with a +0 giant club!!
Ouch! That really hurt!
You shoot an arrow. The arrow barely misses the ogre.
The goblin shoots a sling bullet.
The sling bullet barely misses you. The ogre closely misses you.
You shoot an arrow.
The arrow hits the ogre but does no damage.
The ogre is moderately wounded.
The goblin unwields a +0 sling.
The goblin wields a +0 club.
The goblin barely misses you.
You shoot an arrow. The arrow barely misses the ogre.
The ogre hits you with a +0 giant club!
You die...

########
#<.....#
######.#
#.# #.#
#.# #.#
#@#
#gO.....#
#........
#....$?..
#........
########.


You could see an ogre and a goblin.

Vanquished Creatures
  An adder (D:3)
  2 worms (D:3)
  2 dart slugs (D:2)
  2 orcs (D:3)
  3 endoplasms
  5 giant cockroaches
  4 goblins (D:1)
  4 hobgoblins
  5 jackals
  10 kobolds
  6 ball pythons
  7 bats
  5 frilled lizards (D:1)
  6 rats
62 creatures vanquished.

Notes
Turn   | Place    | Note
-------+----------+-------------------------------------------
     0 | D:1      | qw the Gargoyle Hunter began the quest for the Orb.
     0 | D:1      | Reached XP level 1. HP: 12/12 MP: 1/1
     0 | D:1      | 0 ||| qw: Version: 0.3-a-76-g4403597
     0 | D:1      | 0 ||| qw: Game counter: 38
     0 | D:1      | 0 ||| qw: Melee chars always use a shield: true
     0 | D:1      | 0 ||| qw: God list: Okawaru
     0 | D:1      | 0 ||| qw: Allow faded altars: false
     0 | D:1      | 0 ||| qw: Do Orc after clearing Dungeon:15 true
     0 | D:1      | 0 ||| qw: Do second Lair branch before Depths: true
     0 | D:1      | 0 ||| qw: Lair rune preference: random
     0 | D:1      | 0 ||| qw: Goals: Normal
     0 | D:1      | 0 ||| PLANNING D:1-11
    30 | D:1      | Reached XP level 2. HP: 7/17 MP: 2/2
   188 | D:1      | Reached XP level 3. HP: 21/21 MP: 3/3
   214 | D:1      | Reached skill level 5 in Ranged Weapons
   406 | D:1      | Found a faded altar of an unknown god.
   514 | D:1      | 514 ||| UPGRADING to +0 ring mail.
   524 | D:1      | 524 ||| DROPPING +0 leather armour.
   525 | D:1      | 525 ||| READING scroll labelled VONIWI QIUN.
   526 | D:1      | 526 ||| READING scroll labelled YQOXIA BUAGEAC.
   527 | D:1      | 527 ||| DROPPING scroll of butterflies.
   634 | D:2      | Reached skill level 1 in Armour
   948 | D:2      | Found Guge's Distillery.
   960 | D:2      | 960 ||| BUYING potion of curing (36 gold).
   960 | D:2      | Bought a potion of curing for 36 gold pieces
   960 | D:2      | 960 ||| BUYING potion of curing (36 gold).
   960 | D:2      | Bought a potion of curing for 36 gold pieces
   960 | D:2      | 960 ||| SHOPLISTING potion of curing (36 gold, have 19).
   960 | D:2      | 960 ||| SHOPLISTING potion of haste (120 gold, have 19).
   960 | D:2      | 960 ||| SHOPLISTING potion of heal wounds (60 gold, have
                  | 19).
  1276 | D:3      | Reached skill level 3 in Fighting
  1276 | D:3      | Reached XP level 4. HP: 28/28 MP: 4/4
  1300 | D:3      | Found a burning altar of Makhleb.
  1377 | D:3      | Found a bloodstained altar of Trog.
  2079 | D:3      | Found a runed translucent door.
  2080 | D:3      | Noticed Crazy Yiuf
  2284 | D:3      | 2284 ||| UPGRADING to +6 ring of dexterity.
  2285 | D:3      | 2285 ||| READING scroll labelled MIEFIAMAXAI.
  2328 | D:4      | Noticed an ogre
  2335 | D:4      | HP: 2/28 [ogre/+0 giant club (21)]
  2338 | D:4      | Mangled by an ogre

Levels and vault maps discovered:
D:1:      matt_arrival_debris, layout_rooms,
          hellmonk_ecumenical_altar_heavens_door
D:2:      layout_loops_ring, serial_shops, nicolae_shop_tiny_statue_garden
D:3:      layout_loops_corners, old_standard_altar, mainiacjoe_overflow_paths,
          uniq_crazy_yiuf_cottage
D:4:      layout_basic, nicolae_wu_jian_wuxing_cycle, minmay_manual_mess

Skill      XL: |  1  2  3 |
---------------+----------+-----
Ranged Weapons | 5 |  5.2
Armour         | 1 |  1.0
Fighting       | 3 |  3.1
Dodging        | |  1.5
Stealth        | |  1.1

Action                     |  1- 3 |  4- 6 || total
---------------------------+-------+-------++-------
   Fire: Shortbow          |   135 |    68 ||   203
    Use: Scroll            |     2 |     1 ||     3
 Armour: Leather armour    |    51 |       ||    51
         Ring mail         |     7 |    14 ||    21
  Dodge: Dodged            |    66 |    19 ||    85

Table legend:
 A = Non-vault XP
 B = Vault XP
 C = Vault XP percentage of total XP
 D = Non-vault monster count
 E = Vault monster count
 F = Vault count percentage of total count
                 A         B        C        D         E       F
            +---------+---------+-------+---------+---------+-------
      Total |     124 |       0 |   0.0 |      62 |       0 |   0.0
            +---------+---------+-------+---------+---------+-------
        D:1 |      52 |       0 |   0.0 |      34 |       0 |   0.0
        D:2 |      26 |       0 |   0.0 |      13 |       0 |   0.0
        D:3 |      46 |       0 |   0.0 |      15 |       0 |   0.0
            +---------+---------+-------+---------+---------+-------
